 Dungeon Crawl Stone Soup version 0.26-a0-466-g989023bd0d (webtiles) character file.

Game seed: 3930747264597738321

85836 catzilla the Executioner (level 15, -2/141 HPs)
             Began as a Minotaur Berserker on Aug 14, 2020.
             Was a High Priest of Trog.
             Killed by the raging water
             ... invoked by a water nymph
              (22 damage)
             ... on level 3 of the Shoals.
             The game lasted 01:50:19 (29315 turns).

catzilla the Executioner (Minotaur Berserker)      Turns: 29315, Time: 01:50:19

Health: -2/141     AC: 28    Str: 33    XL:     15   Next: 39%
Magic:  4/4        EV:  6    Int:  5    God:    Trog [*****.]
Gold:   1995       SH:  0    Dex: 10    Spells: 14/14 levels left

rFire    . . .     SeeInvis .   a - +4 battleaxe (antimagic)
rCold    + . .     Faith    +   (shield currently unavailable)
rNeg     . . .     Spirit   .   H - +8 chain mail "Nocuj" {rC+ MR+}
rPois    +         Reflect  .   P - +2 hat
rElec    .         Harm     .   M - +0 cloak
rCorr    +                      (no gloves)
MR       ++...                  s - +1 pair of boots
Stlth    ..........             J - amulet of faith
HPRegen  0.33/turn              g - +6 ring of strength
MPRegen  0.09/turn              y - ring of resist corrosion

@: mesmerised, held, very slow
A: retaliatory headbutt, claws 1, horns 2, iridescent scales 1, poison
resistance
a: Berserk, Trog's Hand, Brothers in Arms, Renounce Religion


You were on level 3 of the Shoals.
You worshipped Trog.
Trog was extremely pleased with you.
You visited 4 branches of the dungeon, and saw 23 of its levels.
You also visited: Ossuary.

You collected 2373 gold pieces.
You spent 378 gold pieces at shops.

Inventory:

Hand Weapons
 a - a +4 antimagic battleaxe (weapon)
 m - a +1 executioner's axe of flaming
 x - the +10 mace of Babus {drain, rElec rC+ Int+3}
   (You found it on level 12 of the Dungeon)

   A truly terrible weapon, it drains the life of those it strikes.
   It affects your intelligence (+3).
   It protects you from cold.
   It insulates you from electricity.
Missiles
 d - 4 silver javelins
 U - 13 silver boomerangs
Armour
 q - a +1 tower shield of reflection
 s - a +1 pair of boots (worn)
 H - the +8 chain mail "Nocuj" (worn) {rC+ MR+}
   (You found it on level 13 of the Dungeon)

   It protects you from cold.
   It affects your resistance to hostile enchantments.
 M - a +0 cloak (worn)
 P - a +2 hat (worn)
 Z - a +2 plate armour of cold resistance
Jewellery
 b - an uncursed ring of see invisible
 g - a +6 ring of strength (left claw)
 n - an uncursed amulet of the acrobat
 r - an uncursed ring of ice
 u - an uncursed amulet of reflection
 v - an uncursed ring of fire
 y - a ring of resist corrosion (right claw)
 J - an amulet of faith (around neck)
Wands
 k - a wand of flame (21)
 l - a wand of random effects (10)
 o - a wand of iceblast (21)
 t - a wand of digging (15)
 w - a wand of clouds (4)
 Q - a wand of acid (19)
 W - a wand of paralysis (18)
 X - a wand of enslavement (9)
Scrolls
 i - 3 scrolls of fog
 p - 7 scrolls of identify
 z - 5 scrolls of teleportation
 A - 13 scrolls of remove curse
 C - a scroll of enchant armour
 F - 4 scrolls of fear
 I - 4 scrolls of magic mapping
Potions
 c - a potion of invisibility
 e - 6 potions of might
 f - 10 potions of curing
 h - 4 potions of stabbing
 j - 4 potions of heal wounds
 B - a potion of berserk rage
 D - a potion of cancellation
 L - 3 potions of mutation
 N - 5 potions of flight
 V - 2 potions of haste


   Skills:
 + Level 15.3 Fighting
 * Level 22.8 Axes
 + Level 12.8 Armour
 - Level 3.8 Dodging
 - Level 6.3 Shields


You had 14 spell levels left.
You didn't know any spells.
Your spell library was empty.

Dungeon Overview and Level Annotations

Branches:
Dungeon (13/15)            Temple (0/1) D:6            Lair (5/6) D:11
 Shoals (3/4) Lair:3        Snake (0/4) Lair:4          Orc (2/2) D:11
    Elf (0/3) Orc:2       Ossuary (visited)
  Slime: Lair:5-6    Vaults: D:13-14

Altars:
Dithmenos
Hepliaklqana
Makhleb
Trog
Uskayaw
Vehumet
The Shining One
Beogh

Shops:
D:4 :   D:10 (   D:11 [   Orc:2 !*(*

Annotations:
D:8 2 transporters, Inarius's ghost, novice KoWn
Orc:2 3 runed translucent doors, Graouh's ghost, journeyman MiFi


Innate Abilities, Weirdness & Mutations

You reflexively headbutt those who attack you in melee.
You have a pair of horns on your head.
You have sharp fingernails.
You are partially covered in iridescent scales. (AC +2)
Your system is resistant to poisons. (rPois)


Message History

The merfolk throws a throwing net.
The throwing net hits you.
You become entangled in the net!
You hear a splash.
The merfolk impaler hits you from afar with a +3 trident of protection.
The merfolk hits you with a +0 trident.
You struggle against the net.
The merfolk avatar chants its luring song.
The water nymph closely misses you. You furiously retaliate!
You headbutt the water nymph.
The merfolk impaler hits you from afar with a +3 trident of protection!
* * * LOW HITPOINT WARNING * * *
The merfolk hits you with a +0 trident!
* * * LOW HITPOINT WARNING * * *
You struggle against the net.
The merfolk avatar falters for a moment.
The merfolk impaler hits you from afar with a +3 trident of protection!
* * * LOW HITPOINT WARNING * * *
The water nymph points at you and mumbles some strange words.
The water swirls and strikes you!!
You die...

≈≈≈≈≈≈≈≈≈ ≈≈≈≈≈≈≈≈≈≈
...≈≈≈...# ≈≈≈≈≈≈≈≈≈.
#...≈≈...# ≈≈≈≈≈≈≈≈≈..
#..≈≈≈≈.$. ≈≈≈≈≈≈...<#
#..≈≈≈≈... ≈≈≈≈≈^.#..#
#..≈≈≈≈≈..
≈≈≈≈≈....######.mm≈≈≈≈..
..≈≈≈...###.#...≈m≈≈≈≈..
##≈≈....##......@m≈≈≈≈≈.
##.....###......≈m≈≈≈≈≈≈
......## ##..≈≈PP≈≈≈≈≈≈≈
....).# #.P≈.PPP≈≈≈≈≈≈
.≈....# #..≈..≈P≈≈≈≈≈≈
≈≈≈≈..# #..≈≈≈P≈≈≈≈≈≈≈
≈≈≈≈≈.# #..≈≈≈≈≈≈≈≈≈≈≈
≈≈≈≈≈.# #..≈P≈≈≈≈≈≈≈≈≈
≈≈≈≈≈.# ##.≈≈≈≈≈≈≈≈≈≈≈


You could see a merfolk avatar (mesmerising), a merfolk impaler, 2 merfolk and a
water nymph.

Vanquished Creatures
  Jorgrun (Shoals:1)
  An orc warlord (Orc:1)
  Nessos (D:13)
  A merfolk impaler (Shoals:2)
  A hydra (Lair:4)
  3 merfolk avatars
  2 two-headed ogres
  A death knight (D:13)
  A satyr (Shoals:2)
  5 death yaks
  4 merfolk aquamancers
  A tengu warrior (D:12)
  An orc high priest (Orc:2)
  Urug (Orc:1)
  Sonja (Lair:1)
  2 skeletal warriors (D:13)
  2 unseen horrors (D:13)
  14 sea snakes
  7 orc knights
  Pikel (D:8)
  11 harpies
  3 ugly things
  3 deep elf magi (D:13)
  3 cyclopes
  9 slime creatures (D:12)
  8 fauns (Shoals:2)
  3 manticores
  4 merfolk sirens
  Maurice (D:8)
  4 water nymphs
  5 cane toads
  A gargoyle (D:13)
  An efreet (D:13)
  2 rime drakes (Lair:4)
  2 komodo dragons (Lair:3)
  A freezing wraith (D:13)
  17 merfolk
  3 trolls
  4 wind drakes
  7 dream sheep (Shoals:2)
  16 blink frogs
  5 snapping turtles
  4 hippogriffs
  A wyvern (D:11)
  2 wraiths
  A shadow (D:13)
  29 yaks
  5 basilisks
  3 water elementals
  A steam dragon (D:12)
  Menkaure (D:4)
  Edmund (D:6)
  An acid dragon (D:12)
  6 wargs (Orc:2)
  5 nagas (Lair:4)
  6 water moccasins
  Duvessa (D:4)
  8 porcupines
  42 orc warriors
  2 ice beasts
  5 sky beasts
  10 ogres
  A phantom (D:12)
  An eye of draining (D:13)
  A necrophage (D:9)
  3 wolves (Lair:4)
  10 centaurs
  12 crocodiles
  A lemure (D:8)
  2 big kobolds
  10 bullfrogs
  Dowan (D:4)
  A wyvern skeleton (D:13)
  12 scorpions
  9 killer bees
  13 wights
  4 electric eels
  A howler monkey (D:12)
  3 bullfrog zombies
  2 quasits
  5 centaur zombies
  7 hounds
  5 jellies
  11 orc priests
  A human zombie (Ossuary)
  Jessica (D:2)
  2 centaur skeletons
  3 iguanas
  14 orc wizards
  12 worker ants
  A killer bee zombie (D:10)
  3 big kobold zombies (Ossuary)
  3 mummies (Ossuary)
  A worker ant zombie (D:6)
  Robin (D:2)
  8 gnolls
  6 scorpion zombies (Ossuary)
  13 adders
  2 shadow imps
  A white imp (D:9)
  An ufetubus (D:6)
  An adder skeleton (D:9)
  A dart slug (D:3)
  A worm (D:2)
  5 leopard geckos
  103 orcs
  8 giant cockroaches
  3 gnoll zombies (Ossuary)
  15 goblins
  6 hobgoblins
  5 jackals
  7 quokkas
  A ball python (D:1)
  9 bats
  2 frilled lizards
  2 goblin zombies (Ossuary)
  2 hobgoblin zombies (Ossuary)
  17 kobolds
  3 kobold zombies (Ossuary)
  A leopard gecko skeleton (D:8)
  An orc zombie (Ossuary)
  2 quokka zombies
  10 rats
  A fungus (Lair:3)
  11 plants
703 creatures vanquished.

Vanquished Creatures (collateral kills)
  Polyphemus (Shoals:2)
  A catoblepas (Shoals:2)
  A death yak (Shoals:2)
3 creatures vanquished.

Vanquished Creatures (others)
  A scorpion (Ossuary)
  6 fungi
  16 plants
23 creatures vanquished.

Grand Total: 729 creatures vanquished

Notes
Turn   | Place    | Note
-------+----------+-------------------------------------------
     0 | D:1      | catzilla the Minotaur Berserker began the quest for the
                  | Orb.
     0 | D:1      | Reached XP level 1. HP: 19/19 MP: 0/0
   580 | D:1      | Reached skill level 4 in Axes
   629 | D:1      | Reached XP level 2. HP: 24/27 MP: 1/1
   713 | D:1      | Gained mutation: You occasionally shout uncontrollably at
                  | your foes. [potion of mutation]
   713 | D:1      | Gained mutation: You have sharp fingernails. [potion of
                  | mutation]
   713 | D:1      | Gained mutation: You are somewhat resistant to further
                  | mutation. [potion of mutation]
   714 | D:1      | Lost mutation: You occasionally shout uncontrollably at
                  | your foes. [potion of mutation]
   714 | D:1      | Lost mutation: You are somewhat resistant to further
                  | mutation. [potion of mutation]
   714 | D:1      | Gained mutation: You are partially covered in iridescent
                  | scales. (AC +2) [potion of mutation]
   714 | D:1      | Gained mutation: Your system is resistant to poisons.
                  | (rPois) [potion of mutation]
   987 | D:2      | Reached XP level 3. HP: 33/33 MP: 2/2
  1047 | D:2      | Reached ** piety under Trog
  1048 | D:2      | Reached skill level 5 in Axes
  1052 | D:2      | Reached XP level 4. HP: 40/40 MP: 3/3
  1072 | D:2      | Noticed Robin
  1485 | D:2      | Killed Robin
  1810 | D:2      | Noticed Jessica
  1814 | D:2      | Killed Jessica
  1814 | D:2      | Reached skill level 6 in Axes
  1814 | D:2      | Reached XP level 5. HP: 47/47 MP: 4/4
  1942 | D:2      | Found a hide-covered altar of Uskayaw.
  2474 | D:3      | Reached *** piety under Trog
  2772 | D:3      | Noticed an ice beast
  2773 | D:3      | You fall into a shaft and drop 1 floor!
  2773 | D:4      | Found Videha's Book Boutique.
  2806 | D:4      | Noticed Menkaure
  2840 | D:4      | Killed Menkaure
  2840 | D:4      | Reached skill level 7 in Axes
  2840 | D:4      | Reached XP level 6. HP: 26/55 MP: 5/5
  3037 | D:3      | Found a burning altar of Makhleb.
  3316 | D:3      | Found a hazy altar of Hepliaklqana.
  3382 | D:3      | Killed an ice beast
  3382 | D:3      | Reached skill level 8 in Axes
  3382 | D:3      | Reached XP level 7. HP: 60/60 MP: 6/6
  3396 | D:3      | Reached skill level 5 in Fighting
  3699 | D:4      | Noticed Dowan
  3700 | D:4      | Noticed Duvessa
  3720 | D:4      | Killed Dowan
  3729 | D:4      | Killed Duvessa
  3957 | D:5      | Entered Level 5 of the Dungeon
  4063 | D:5      | Reached skill level 9 in Axes
  4063 | D:5      | Reached skill level 1 in Shields
  4255 | D:5      | Found a shadowy altar of Dithmenos.
  4446 | D:5      | Reached XP level 8. HP: 69/69 MP: 7/7
  4532 | D:5      | Got a warped leather armour
  4533 | D:5      | Identified the +3 leather armour of Surprise {rElec rF++}
                  | (You found it on level 5 of the Dungeon)
  4770 | D:6      | Reached skill level 10 in Axes
  4910 | D:6      | Found a staircase to the Ecumenical Temple.
  4971 | D:6      | Found a radiant altar of Vehumet.
  4996 | D:6      | Noticed Edmund
  5009 | D:6      | Killed Edmund
  5265 | D:6      | Reached **** piety under Trog
  5285 | D:6      | Reached skill level 5 in Armour
  5496 | D:7      | Reached skill level 11 in Axes
  5548 | D:7      | Got a spiked chain mail
  5549 | D:7      | Identified the cursed +0 chain mail "Rirruas" {rPois} (You
                  | found it on level 7 of the Dungeon)
  5611 | D:7      | Reached XP level 9. HP: 33/78 MP: 8/8
  6374 | D:8      | Noticed Pikel
  6376 | D:8      | Found a transporter.
  6386 | D:8      | Killed Pikel
  6386 | D:8      | Reached skill level 12 in Axes
  6389 | D:8      | Noticed Inarius's ghost (novice KoWn)
  6459 | D:8      | Found a transporter.
  6562 | D:8      | Reached ***** piety under Trog
  6568 | D:8      | Got a transparent arbalest
  6581 | D:8      | Found a sand-covered staircase.
  6602 | Ossuary  | Entered an ossuary
  6677 | Ossuary  | Received a gift from Trog
  6845 | Ossuary  | Reached skill level 13 in Axes
  6994 | D:8      | Identified the +8 arbalest of Tenacity {penet, rC+} (You
                  | found it on level 8 of the Dungeon)
  7062 | D:8      | Reached skill level 5 in Shields
  7226 | D:8      | Reached XP level 10. HP: 88/88 MP: 9/9
  7228 | D:8      | Noticed a cyan ugly thing
  7242 | D:8      | Killed a cyan ugly thing
  7424 | D:8      | Noticed Maurice
  7430 | D:8      | Killed Maurice
  7861 | D:9      | Reached skill level 14 in Axes
  8160 | D:9      | Noticed a white ugly thing
  8166 | D:9      | Killed a white ugly thing
  8558 | D:10     | Entered Level 10 of the Dungeon
  8580 | D:10     | Found Xusk's Weapon Shoppe.
  9117 | D:10     | Found a glowing golden altar of the Shining One.
  9565 | D:11     | Found a staircase to the Lair.
  9571 | D:11     | Received a gift from Trog
  9593 | D:11     | Reached skill level 15 in Axes
  9910 | D:11     | Reached XP level 11. HP: 52/97 MP: 3/10
 10291 | D:11     | Found a staircase to the Orcish Mines.
 10363 | D:11     | Noticed a two-headed ogre
 10372 | D:11     | Killed a two-headed ogre
 10517 | D:11     | Found Melecw's Specialty Armours.
 10988 | Lair:1   | Entered Level 1 of the Lair of Beasts
 10999 | Lair:1   | Reached skill level 16 in Axes
 11189 | Lair:1   | Noticed Sonja
 11195 | Lair:1   | Killed Sonja
 11340 | Lair:1   | Reached skill level 10 in Fighting
 11752 | Lair:1   | Reached skill level 17 in Axes
 12461 | Lair:2   | You fall into a shaft and drop 1 floor!
 12768 | Lair:3   | Received a gift from Trog
 12768 | Lair:3   | Reached XP level 12. HP: 91/107 MP: 3/11
 13544 | Lair:3   | Reached skill level 18 in Axes
 13824 | Lair:3   | Found a staircase to the Shoals.
 14852 | Lair:4   | Noticed a death yak
 14865 | Lair:4   | Killed a death yak
 14865 | Lair:4   | Noticed a death yak
 14867 | Lair:4   | Noticed a death yak
 14878 | Lair:4   | Killed a death yak
 14879 | Lair:4   | Killed a death yak
 14880 | Lair:4   | Noticed a seven-headed hydra
 15157 | Lair:4   | Killed a three-headed hydra
 15729 | Lair:4   | Reached skill level 19 in Axes
 15733 | Lair:4   | Found a staircase to the Snake Pit.
 16910 | D:12     | Reached ****** piety under Trog
 16924 | D:12     | Reached XP level 13. HP: 98/116 MP: 4/12
 17700 | D:12     | Received a gift from Trog
 18057 | D:12     | Got an iridescent mace
 18058 | D:12     | Identified the +10 mace of Babus {drain, rElec rC+ Int+3}
                  | (You found it on level 12 of the Dungeon)
 18624 | D:13     | Noticed Nessos
 18647 | D:13     | Killed Nessos
 18647 | D:13     | Reached skill level 20 in Axes
 18988 | D:13     | Got a distressingly furry chain mail
 18989 | D:13     | Identified the +8 chain mail "Nocuj" {rC+ MR+} (You found
                  | it on level 13 of the Dungeon)
 19878 | D:13     | Reached skill level 10 in Armour
 20326 | Orc:1    | Entered Level 1 of the Orcish Mines
 20786 | Orc:1    | Found a roughly hewn altar of Beogh.
 20910 | Orc:1    | Noticed an orc warlord
 20925 | Orc:1    | Killed an orc warlord
 21248 | Orc:1    | Noticed Urug
 21512 | Orc:2    | Entered Level 2 of the Orcish Mines
 21512 | Orc:2    | Found a runed translucent gate.
 21512 | Orc:2    | Found a runed translucent gate.
 21512 | Orc:2    | Found a runed translucent gate.
 21512 | Orc:2    | Noticed Graouh's ghost (journeyman MiFi)
 21801 | Orc:1    | Killed Urug
 22163 | Orc:2    | Received a gift from Trog
 22179 | Orc:2    | Reached skill level 21 in Axes
 22180 | Orc:2    | Found a staircase to the Elven Halls.
 22330 | Orc:2    | Reached XP level 14. HP: 126/129 MP: 4/13
 22675 | Orc:2    | Found a roughly hewn altar of Beogh.
 22714 | Orc:2    | Found Fyozotsong's Assorted Antiques.
 22714 | Orc:2    | Found Suerusy's Antique Weapon Shoppe.
 23062 | Orc:2    | Found a roughly hewn altar of Beogh.
 23088 | Orc:2    | Found Wodem's Assorted Antiques.
 23088 | Orc:2    | Found Gist's Distillery.
 23119 | Orc:2    | Bought a scroll labeled JIUZUE BAPPU for 38 gold pieces
 23132 | Orc:2    | Bought a potion of heal wounds for 85 gold pieces
 23132 | Orc:2    | Bought a potion of heal wounds for 85 gold pieces
 23132 | Orc:2    | Bought 2 potions of heal wounds for 170 gold pieces
 23704 | Shoals:1 | Entered Level 1 of the Shoals
 23890 | Shoals:1 | Noticed Jorgrun
 24626 | Shoals:1 | Killed Jorgrun
 25274 | Shoals:1 | Found a bloodstained altar of Trog.
 25814 | Shoals:2 | Reached skill level 22 in Axes
 27043 | Shoals:2 | Reached XP level 15. HP: 56/139 MP: 4/14
 28122 | Shoals:2 | Noticed Polyphemus
 28135 | Shoals:2 | Reached skill level 15 in Fighting
 28143 | Shoals:2 | Killed Polyphemus
 29315 | Shoals:3 | Killed from afar by a water nymph

Illustrated notes

Levels and vault maps discovered:
D:1:      minmay_arrival_open_corners, layout_basic
D:2:      layout_basic, lemuel_doored_altar, eino_curves_03, uniq_jessica,
          uniq_robin
D:3:      minmay_chambers_of_twos, layout_rooms, marbit_many_paths,
          makhleb_heckhound_becter
D:4:      layout_basic, serial_shops, shop, minivault_4, uniq_duvessa,
          uniq_menkaure
D:5:      layout_basic, basic_altar
D:6:      layout_basic, nicolae_overflow_crystal_walls,
          minmay_temple_entry_wispy, uniq_edmund
D:7:      layout_loops_ring
D:8:      layout_loops_ring, nicolae_ossuary_entry_ruins,
          gammafunk_ghost_mausoleum, uniq_maurice, uniq_pikel
D:9:      layout_stronghold
D:10:     layout_irregular_city, serial_shops, nicolae_shop_behind_doors,
          chequers_big_river, tso_metal_star
D:11:     layout_rooms, minmay_lair_entry_grove, hiddenorc2_lemuel,
          nicolae_barding_shop
D:12:     layout_layer_cave, minivault_10, skrybe_limestone_x
D:13:     layout_cave_pods, kennysheep_crisscross, uniq_nessos
Lair:1:   layout_regular_city, grunt_megastairs_4, uniq_sonja
Lair:2:   layout_cave_pods, serial_bayou_shore_b
Lair:3:   layout_hall_layers, elwin_shoals_entry_rooms, gauntlet_entry_generic,
          serial_bayou_shore_a
Lair:4:   layout_misc_corridors, minmay_snake_entry_guardpost_medium,
          st_stairs_12, lookout_lair_type, chequers_serial_rivers_room_a
Lair:5:   layout_cave_pods
Shoals:1: layout_shoals, lemuel_centaur_altar, uniq_jorgrun
Shoals:2: cheibrodos_shoals_three_sisters, layout_shoals, uniq_polyphemus
Shoals:3: layout_shoals, st_cyclops
Orc:1:    layout_caves, basic_altar, uniq_urug
Orc:2:    st_orc_town, layout_diamond_mine, gammafunk_ghost_necromancy,
          bh_open_orc_temple

Skill      XL: |  1  2  3  4  5  6  7  8  9 10 11 12 13 14 15 |
---------------+----------------------------------------------+-----
Axes           | 4 5 6 7 8 9 11 13 15 17 19 21 22 | 22.8
Fighting       | 4 5 6 7 9 10 11 13 14 15 | 15.3
Armour         | 3 4 5 6 7 8 9 10 12 | 12.8
Dodging        | 3 |  3.8
Shields        | 1 3 5 6 |  6.3

Action                   |  1- 3 |  4- 6 |  7- 9 | 10-12 | 13-15 || total
-------------------------+-------+-------+-------+-------+-------++-------
Melee: Hand axe          |    56 |   113 |   330 |   153 |       ||   652
       Headbutt          |     8 |    16 |    88 |   107 |   202 ||   421
       Battleaxe         |       |       |       |   347 |   842 ||  1189
       Broad axe         |       |       |       |     6 |       ||     6
Invok: Berserk           |     1 |     2 |     1 |     1 |     3 ||     8
       Trog's Hand       |       |     1 |       |       |     3 ||     4
       Brothers in Arms  |       |       |       |       |     2 ||     2
  Use: Potion            |     6 |     2 |     3 |     4 |     4 ||    19
       Scroll            |     2 |     8 |    12 |     8 |    15 ||    45
 Stab: Petrified         |       |       |       |       |     6 ||     6
Armor: Leather armour    |    20 |    12 |       |       |       ||    32
       Scale mail        |       |    25 |       |       |       ||    25
       Ring mail         |       |    16 |    59 |   134 |    30 ||   239
       Skin              |       |       |     1 |       |       ||     1
       Chain mail        |       |       |       |       |   417 ||   417
Dodge: Dodged            |    30 |    88 |    94 |   202 |   336 ||   750
Block: Buckler           |       |    11 |   101 |    49 |       ||   161
       Reflection        |       |       |     4 |       |    18 ||    22
       Other             |       |       |       |     1 |    68 ||    69

Table legend: (Time is in decaauts)
 A = Elapsed time spent in this place.
 B = Non-inter-level travel time spent in this place.
 C = Inter-level travel time spent in this place.
 D = Time resting spent in this place.
 E = Time spent auto-exploring this place.
 F = Levels seen in this place.
 G = Mean time per level.
                   A        B        C        D        E       F      G
               +--------+--------+--------+--------+--------+-----+--------+
         Total |  29085 |  28197 |    888 |   8544 |  14071 |  24 | 1211.9 |
       Dungeon |  14637 |  14144 |    493 |   3477 |   8415 |  13 | 1125.9 |
          Lair |   5702 |   5392 |    310 |    906 |   3934 |   5 | 1140.4 |
        Shoals |   5590 |   5547 |     43 |   3380 |    765 |   3 | 1863.3 |
  Orcish Mines |   2791 |   2751 |     40 |    780 |    833 |   2 | 1395.5 |
       Ossuary |    363 |    363 |      0 |      0 |    124 |   1 |  363.0 |
               +--------+--------+--------+--------+--------+-----+--------+

Top non-repeatable levels by time:
Shoals:2: 2828 daAuts
Shoals:1: 1988 daAuts
  Lair:3: 1978 daAuts
    D:11: 1908 daAuts
    D:12: 1886 daAuts
   Orc:2: 1819 daAuts
    D:13: 1745 daAuts
  Lair:4: 1432 daAuts
  Lair:1: 1407 daAuts
     D:1: 1175 daAuts
     D:2: 1148 daAuts
    D:10: 973 daAuts
   Orc:1: 971 daAuts
     D:3: 926 daAuts
     D:8: 886 daAuts
